 Dungeon Crawl Stone Soup version 0.16.1-51-g6203257 (webtiles) character file.

78 uhvn the Sneak (level 4, 0/23 HPs)
             Began as a Vine Stalker Assassin on July 15, 2015.
             Killed from afar by Crazy Yiuf (10 damage)
             ... with a wand of flame
             ... on level 2 of the Dungeon.
             The game lasted 00:06:42 (1337 turns).

uhvn the Sneak (Vine Stalker Assassin)              Turns: 1337, Time: 00:06:42

Health: 0/23       AC:  3    Str: 14    XL:     4   Next: 36%
Magic:  0/5        EV: 12    Int: 11    God:
Gold:   80         SH:  0    Dex: 16    Spells: 0 memorised, 3 levels left

rFire  . . .     SeeInvis .     b - +0 blowgun
rCold  . . .     Clarity  .     c - +0 robe
rNeg   . . .     SustAb   .     (no shield)
rPois  .         Gourm    .     (no helmet)
rElec  .         Spirit   +     j - +0 cloak
rCorr  .         Warding  .     (no gloves)
rMut   .         Stasis   .     (no boots)
MR     .....                    (no amulet)
Stlth  +++.......               (no ring)
                                (no ring)

@: not resistant to hostile enchantments, fairly stealthy
A: fangs 2, regeneration 1, magic shield, antimagic bite, no device heal 3, rot
immunity
a: no special abilities


You were on level 2 of the Dungeon.
You were not hungry.

You visited 1 branch of the dungeon, and saw 2 of its levels.

You collected 80 gold pieces.

Inventory:

Hand weapons
 a - a +2 dagger
 b - a +0 blowgun (weapon)
 p - a +0 dagger of speed
Missiles
 e - 12 poisoned needles (quivered)
 f - 2 curare-tipped needles
Armour
 c - a +0 robe (worn)
 j - a +0 cloak (worn)
Scrolls
 d - 2 scrolls of remove curse {unknown}
 h - a scroll of fog {unknown}
 k - a scroll of enchant armour {unknown}
 o - 2 scrolls of identify {unknown}
Potions
 i - a potion of cure mutation {unknown}
 l - 2 potions of curing {unknown}
 m - a potion of heal wounds {unknown}
 n - a potion of flight {unknown}
 q - 2 potions of might {unknown}
 r - a potion of brilliance {unknown}
 s - a potion of magic {unknown}
Comestibles
 g - 2 bread rations


   Skills:
 + Level 2.2 Fighting
 + Level 2.3 Short Blades
 + Level 2.5 Throwing
 + Level 1.4 Dodging
 + Level 5.4 Stealth


You had 3 spell levels left.
You didn't know any spells.

Dungeon Overview and Level Annotations

Branches:
Dungeon (2/15)

Altars:

Annotations:
D:2 Crazy Yiuf


Innate Abilities, Weirdness & Mutations

You have extremely sharp teeth.
Your natural rate of healing is unusually fast.
When hurt, damage is shared between your health and your magic reserves.
Your bite disrupts and absorbs the magic of your enemies.
Potions and wands cannot restore your health.
You are immune to rotting.


Message History

Aim: Crazy Yiuf, wielding a quarterstaff of chaos and wearing a runed cloak You shoot a poisoned needle.
The poisoned needle hits Crazy Yiuf!
Crazy Yiuf zaps a wand.
The puff of flame misses you.
It is a wand of flame.
Firing (i - inventory. (,) - cycle):
e - 15 poisoned needles (quivered)
Press: ? - help, Shift-Dir - straight line, f/p - Crazy Yiuf
Aim: Crazy Yiuf, wielding a quarterstaff of chaos, wearing a runed cloak and carrying a wand of flame {zapped: 1} You shoot a poisoned needle.
The poisoned needle closely misses Crazy Yiuf.
Crazy Yiuf zaps a wand.
The puff of flame hits you!
Firing (i - inventory. (,) - cycle):
e - 14 poisoned needles (quivered)
Press: ? - help, Shift-Dir - straight line, f/p - Crazy Yiuf
Aim: Crazy Yiuf, wielding a quarterstaff of chaos, wearing a runed cloak and carrying a wand of flame {zapped: 2} You shoot a poisoned needle.
The poisoned needle hits Crazy Yiuf!
Crazy Yiuf zaps a wand.
The puff of flame hits you!
Firing (i - inventory. (,) - cycle):
e - 13 poisoned needles (quivered)
Press: ? - help, Shift-Dir - straight line, f/p - Crazy Yiuf
Aim: Crazy Yiuf, wielding a quarterstaff of chaos, wearing a runed cloak and carrying a wand of flame {zapped: 3} You shoot a poisoned needle.
The poisoned needle hits Crazy Yiuf!
Crazy Yiuf zaps a wand.
The puff of flame hits you!
You die...

#.#
#.##...#####.#...###
#.# ###.####.#
#...#....
##.###.....##.#
#.#...###
#...##.###.####
####### #......#
#..# #...##.###(##
######.....##### ###
###.##.#.P## ###..)#
#..@....P####.g...#
####...PP.#..##...#
###..g#.### ###
#######


You could see Crazy Yiuf.

Vanquished Creatures
  3 adders (D:2)
  4 giant geckos
  An ooze (D:2)
  A giant cockroach (D:1)
  7 hobgoblins
  A bat (D:1)
  3 giant newts
  6 goblins
  10 kobolds
  17 rats
53 creatures vanquished.

Notes
Turn   | Place    | Note
--------------------------------------------------------------
     0 | D:1      | uhvn, the Vine Stalker Assassin, began the quest for the Orb.
     0 | D:1      | Reached XP level 1. HP: 11/11 MP: 1/1
   238 | D:1      | Reached skill level 1 in Dodging
   238 | D:1      | Reached XP level 2. HP: 9/15 MP: 3/3
   470 | D:1      | Reached skill level 5 in Stealth
   760 | D:2      | Reached XP level 3. HP: 18/18 MP: 4/4
  1023 | D:2      | Reached XP level 4. HP: 15/23 MP: 5/5
  1323 | D:2      | Noticed Crazy Yiuf
  1337 | D:2      | Killed from afar by Crazy Yiuf

Action                   |  1- 3 |  4- 6 || total
-------------------------+-------+-------++-------
Melee: Dagger            |   114 |    28 ||   142
 Fire: Blowgun           |     3 |     4 ||     7
 Stab: Sleeping          |     6 |     4 ||    10
  Eat: Chunk             |       |     1 ||     1
